 Dungeon Crawl Stone Soup version 0.28-a0-819-g6ef7baa362 (webtiles) character file.

Game seed: 13926408670989465413

63 Essalna the Firebug (level 3, -6/24 HPs)
             Began as a Demonspawn Fire Elementalist on Nov 8, 2021.
             Killed by an exploding orc (25 damage)
             ... ignited by their inner flame
             ... on level 2 of the Dungeon.
             The game lasted 00:03:38 (2522 turns).

Essalna the Firebug (Demonspawn Fire Elementalist)  Turns: 2522, Time: 00:03:39

Health: -6/24      AC:  6    Str:  8    XL:     3   Next: 89%
Magic:  5/6        EV: 12    Int: 17    God:
Gold:   109        SH:  0    Dex: 13    Spells: 6/7 levels left

rFire   . . .      SeeInvis .   (no weapon)
rCold   . . .      Faith    .   (no shield)
rNeg    . . .      Spirit   .   a - +0 robe
rPois   .          Reflect  .   (no helmet)
rElec   .          Harm     .   (no cloak)
rCorr   .          Rampage  .   (no gloves)
Will    .....                   (no boots)
Stlth   ++........              (no amulet)
HPRegen 0.08/turn               d - +4 ring of protection
MPRegen 0.10/turn               (no ring)

@: no status effects
A: demonic guardian 1, demonic magic 1
a: no special abilities


You were on level 2 of the Dungeon.
You visited 1 branch of the dungeon, and saw 2 of its levels.

You collected 109 gold pieces.

Inventory:

Armour
 a - a +0 robe (worn)
Jewellery
 d - a +4 ring of protection (left hand)
 h - a ring of flight
Scrolls
 g - a scroll of identify


   Skills:
 - Level 2.1 Dodging
 - Level 2.2 Stealth
 + Level 2.6 Spellcasting
 + Level 2.0 Conjurations
 + Level 3.1 Fire Magic


You had 6 spell levels left.
You knew the following spells:

 Your Spells              Type           Power      Damage    Failure   Level
a - Foxfire               Conj/Fire      44%        2x1d6     6%          1

Your spell library contained the following spells:

 Spells                   Type           Power      Damage    Failure   Level
 Scorch                   Fire           26%        2d6       8%          2
 Conjure Flame            Conj/Fire      11%        6-21      19%         3
 Inner Flame              Hex/Fire       7%         N/A       28%         3
 Flame Wave               Conj/Fire      11%        3d4       52%         4


Dungeon Overview and Level Annotations

Branches:
Dungeon (2/15)

Altars:


Innate Abilities, Weirdness & Mutations

A weak demonic guardian rushes to your aid.
Spells you cast may paralyse adjacent enemies.


Message History

The orc hits you but does no damage.
As you read the scroll labelled LUMYAPSOYSE, it crumbles to dust.
The creatures around you are filled with an inner flame!
It was a scroll of immolation.
The orc hits you but does no damage. The orc hits you with a +0 dagger.
As you read the scroll labelled FEKLOIRUNO, it crumbles to dust.
It is a scroll of brand weapon.
You aren't carrying any weapons that can be branded.
The orc hits you with a +0 falchion. The orc closely misses you.
As you read the scroll labelled SICLYDGH QUKLEJA, it crumbles to dust.
It is a scroll of identify.
e - a potion of heal wounds The orc hits you with a +0 falchion.
The orc barely misses you.
Okay, then.
The orc hits you but does no damage. The orc misses you.
The orc closely misses you. The orc hits you but does no damage.
You hit the orc but do no damage. The orc hits you but does no damage.
The orc barely misses you.
You hit the orc but do no damage. The orc barely misses you.
The orc hits you with a +0 dagger.
* * * LOW HITPOINT WARNING * * *
You feel much better. The orc barely misses you.
The orc hits you with a +0 dagger.
You hit the orc but do no damage. The orc barely misses you.
The orc hits you with a +0 dagger.
You hit the orc but do no damage. The orc misses you.
The orc hits you with a +0 dagger.
You hit the orc but do no damage. The orc hits you with a +0 falchion.
The orc hits you but does no damage.
You hit the orc but do no damage. The orc hits you with a +0 falchion.
The orc hits you but does no damage.
You completely miss the orc. The orc hits you but does no damage.
The orc closely misses you.
You hit the orc.
Flame seeps out of the orc.
The orc is lightly wounded.
The orc completely misses you.
The orc is engulfed in blazing flames.
The orc explodes!
The fiery explosion engulfs the orc!!
The fiery explosion engulfs you!!
Ouch! That really hurt!
You die...

#.##.#.......................#..
#.##.#.#####################.#.#
#.##.#......#.........# #.#.#
#.#.........#.#######.# #.#.#
##.########..#.# ##.## #.#.#
........# #..#.# #...# #.#.#
........# #..#.# #...# #.#.#
........###..#.######...# #.#.#
..>.........^#.#@○§.....# #.#.#
##.########.##.#§####...#####.#.#
*#.......[.....#.#............#.#
,..#.###########.##.#...#######.#
###*,*,oo* #.##.#...#####....
****,*,#o* #.##.####.........
,,,,,,,#.* #.##.# #.........
****,,,#.#######)##.# #.....####
,,,*,,,#...o{....##.# #.....# #


There were no monsters in sight!

Vanquished Creatures
  An orc wizard (D:2)
  A gnoll (D:1)
  A worm (D:2)
  2 orcs (D:2)
  2 bats (D:1)
  2 endoplasms
  2 giant cockroaches
  3 goblins
  A hobgoblin (D:2)
  2 jackals (D:1)
  4 kobolds
  3 quokkas (D:1)
  A ball python (D:1)
25 creatures vanquished.

Vanquished Creatures (collateral kills)
  An orc (D:2)
  4 foxfires (D:1)
5 creatures vanquished.

Vanquished Creatures (others)
  101 foxfires
101 creatures vanquished.

Grand Total: 131 creatures vanquished

Notes
Turn   | Place    | Note
-------+----------+-------------------------------------------
     0 | D:1      | Essalna the Demonspawn Fire Elementalist began the quest
                  | for the Orb.
     0 | D:1      | Reached XP level 1. HP: 13/13 MP: 3/3
   522 | D:1      | Gained mutation: Spells you cast may paralyse adjacent
                  | enemies. [demonic ancestry]
   522 | D:1      | Reached XP level 2. HP: 19/19 MP: 1/5
  1782 | D:2      | Gained mutation: A weak demonic guardian rushes to your
                  | aid. [demonic ancestry]
  1782 | D:2      | Reached XP level 3. HP: 24/24 MP: 3/6
  2198 | D:2      | Reached skill level 3 in Fire Magic
  2522 | D:2      | Killed by an exploding orc... ignited by their inner flame

Illustrated notes

Levels and vault maps discovered:
D:1:      nzn_arrival_settlement, layout_basic, serial_forest,
          infiniplex_forest_clump_small, infiniplex_forest_clump_C,
          infiniplex_forest_pool, infiniplex_forest_split,
          infiniplex_forest_lined_ring, infiniplex_forest_straight_5
D:2:      layout_basic, chequers_ecumenical_altar_lobes

Skill      XL: |  1  2  3 |
---------------+----------+-----
Stealth        | 2 |  2.2
Dodging        | 2 |  2.1
Fire Magic     | 3 |  3.1
Conjurations   | 2 |  2.0
Spellcasting   | |  2.6

Action                   || total
-------------------------++-------
Melee: Unarmed           ||    57
 Cast: Foxfire           ||    70
  Use: Scroll            ||     4
       Potion            ||     1
 Stab: Paralysed         ||    13
Armor: Robe              ||    22
Dodge: Dodged            ||    44

Table legend: (Time is in decaauts)
 A = Elapsed time spent in this place.
 B = Non-inter-level travel time spent in this place.
 C = Inter-level travel time spent in this place.
 D = Time resting spent in this place.
 E = Time spent auto-exploring this place.
 F = Levels seen in this place.
 G = Mean time per level.
                   A        B        C        D        E       F      G
               +--------+--------+--------+--------+--------+-----+--------+
         Total |   2521 |   2485 |     36 |      0 |   2230 |   2 | 1260.5 |
       Dungeon |   2521 |   2485 |     36 |      0 |   2230 |   2 | 1260.5 |
               +--------+--------+--------+--------+--------+-----+--------+

Top non-repeatable levels by time:
     D:1: 1778 daAuts
     D:2: 742 daAuts
